 Dungeon Crawl Stone Soup version 0.18.1-47-g9310371 (console) character file.

58818 Kloppie the Basher (level 14, -7/81 HPs)
             Began as a Vine Stalker Berserker on June 13, 2016.
             Was the Champion of Trog.
             Killed by divine providence
             ... invoked by an orc high priest
              (10 damage)
             ... on level 2 of the Orcish Mines.
             The game lasted 00:40:49 (16558 turns).

Kloppie the Basher (Vine Stalker Berserker)        Turns: 16558, Time: 00:40:49

Health: -7/81      AC: 23    Str: 20    XL:     14   Next: 92%
Magic:  0/21       EV: 13    Int:  7    God:    Trog [******]
Gold:   1685       SH:  6    Dex: 19    Spells: 0 memorised, 21 levels left

rFire  . . .     SeeInvis .     a - +7 mace {speed, Fragile +Blink rElec rC+++}
rCold  + + +     Gourm    .     Q - +1 plate armour {MR+}
rNeg   . . .     Faith    .     E - +0 buckler
rPois  +         Spirit   +     w - +0 helmet
rElec  +         Dismiss  .     o - +0 cloak {MR+}
rCorr  .         Reflect  .     f - +0 pair of gloves of Omed {+Inv}
SustAt .         Harm     .     e - +2 pair of boots
MR     +++++                    r - amulet of regeneration
Stlth  ..........               x - ring of poison resistance
                                h - +6 ring of evasion

@: regenerating, invisible, almost entirely resistant to hostile enchantments,
extremely unstealthy
A: fangs 3, regeneration 3, magic shield, antimagic bite, no device heal 3, rot
immunity
a: Berserk, Trog's Hand, Brothers in Arms, Burn Spellbooks, Renounce Religion,
Evoke Blink


You were on level 2 of the Orcish Mines.
You worshipped Trog.
Trog was exalted by your worship.
You were not hungry.

You visited 3 branches of the dungeon, and saw 19 of its levels.
You also visited: Ice Cave.

You collected 1685 gold pieces.

Inventory:

Hand Weapons
 a - the +7 mace "Quijon" (weapon) {speed, Fragile +Blink rElec rC+++}
   (Trog gifted it to you on level 1 of the Orcish Mines)

   Attacks with this weapon are significantly faster.
   It renders you almost immune to cold.
   It insulates you from electricity.
   It lets you blink.
   It will be destroyed if unequipped.
 l - a +0 flail
 F - the +10 great mace "Siesuzypi" {crush, *Noise rC+ rN+ Int+4}
   (You found it in an ice cave)

   It inflicts extra damage upon your enemies.
   It affects your intelligence (+4).
   It protects you from cold.
   It protects you from negative energy.
   It may make noises in combat.
 P - the +0 demon whip "Nugrol Bassi" {slash, Dex+4}
   (You acquired it on level 1 of the Lair of Beasts)

   It inflicts extra damage upon your enemies.
   It affects your dexterity (+4).
Armour
 e - a +2 pair of boots (worn)
 f - the +0 pair of gloves of Omed (worn) {+Inv}
   (You found it on level 3 of the Lair of Beasts)

   It lets you turn invisible.
 o - a +0 cloak of magic resistance (worn)
 w - a +0 helmet (worn)
 E - a +0 buckler (worn)
 K - a +0 shield
 Q - a +1 plate armour of magic resistance (worn)
Jewellery
 b - an uncursed ring of see invisible
 g - an uncursed ring of positive energy
 h - a +6 ring of evasion (left hand)
 r - an amulet of regeneration (around neck)
 x - a ring of poison resistance (right hand)
 y - an uncursed ring of protection from fire
 L - an uncursed ring of flight
 O - an uncursed ring of protection from cold
Wands
 u - a wand of paralysis (19/24)
 J - a wand of lightning (7/15)
Scrolls
 k - 8 scrolls of remove curse
 m - 3 scrolls of blinking
 t - a scroll of fear
 v - 4 scrolls of teleportation
 N - a scroll of identify
Potions
 j - 2 potions of agility
 n - 4 potions of brilliance
 p - 3 potions of haste
 z - 6 potions of resistance
 B - a potion of invisibility
 C - 2 potions of lignification
 D - 2 potions of flight
 H - 4 potions of might
 I - a potion of magic
 M - a potion of curing
Comestibles
 c - 2 bread rations
 d - 9 meat rations
 i - 8 slices of pizza
 q - 3 fruits
 A - 2 beef jerkies
 G - 2 chunks of flesh


   Skills:
 + Level 12.5 Fighting
 - Level 14.0 Maces & Flails
 + Level 9.9 Armour
 - Level 1.5 Dodging
 - Level 5.5 Shields
 - Level 4.1 Spellcasting
 + Level 7.5 Evocations


You had 21 spell levels left.
You didn't know any spells.

Dungeon Overview and Level Annotations

Branches:
Dungeon (10/15)            Temple (0/1) D:7            Lair (7/8) D:8
 Shoals (0/4) Lair:4        Snake (0/4) Lair:5        Slime (0/6) Lair:6
    Orc (2/2) D:10
    Elf: Orc:2

Altars:
Ashenzari
Cheibriados
Dithmenos
Elyvilon
Fedhas
Kikubaaqudgha
Okawaru
Pakellas
Qazlal
Sif Muna
Trog
Yredelemnul
Zin
Jiyva

Shops:
D:6 *


Innate Abilities, Weirdness & Mutations

You have razor-sharp teeth.
You regenerate.
When hurt, damage is shared between your health and your magic reserves.
Your bite disrupts and absorbs the magic of your enemies.
Potions and wands cannot restore your health.
You are immune to rotting.


Message History

The orc warrior goes into a battle-frenzy!
The orc knight hits you with an enchanted battleaxe!
* * * LOW HITPOINT WARNING * * *
You continue eating.
The orc knight misses you.
Your deep troll misses the orc knight.
Your deep troll closely misses the orc knight.
Your deep troll claws the orc knight!
The orc knight dies!
Trog accepts your kill.
The orc priest looks braver for a moment.
The orc knight hits you from afar with a halberd!
* * * LOW HITPOINT WARNING * * *
Drink which item? (? for menu, Esc to quit)
You fade into invisibility!
The orc knight hits you but does no damage.
The orc knight hits you with a long sword!
* * * LOW HITPOINT WARNING * * *
The orc high priest calls down the wrath of Beogh upon you.
Beogh smites you!
You die...

#......)))....#
#....#...#....#
##...........##
#...#...#...#
##.........##
#..#...#..#
##...)...##
###.#.###
#.o@T.# ##o#o##


ooo.oo3 #.o#o.o#o.# #...o..oo.# #.. #...# ..# #. ..... .# .. #. .# .. You could
see 3 orc knights, an orc high priest, a chaos spawn, 5 orc warriors, 5 orc
priests, an orc and a friendly deep troll (berserk).

Vanquished Creatures
  An orc warlord (Orc:1)
  A white draconian (IceCv)
  3 hydras
  The ghost of tscho the Nimble, a journeyman MfTm of Makhleb (Lair:2)
  7 death yaks
  An orc high priest (Orc:2)
  Urug (Lair:2)
  A lindwurm (Lair:7)
  5 griffons
  2 orc sorcerers (Orc:1)
  Maurice (Orc:1)
  An ice statue (IceCv)
  11 black mambas
  11 spiny frogs
  2 rime drakes (Lair:5)
  7 komodo dragons
  2 trolls
  3 two-headed ogres
  13 polar bears
  25 blink frogs
  A boulder beetle (Lair:7)
  6 wyverns
  39 yaks
  3 basilisks (Lair:5)
  5 hippogriffs
  Menkaure (D:6)
  3 wargs
  9 water moccasins
  A hell hound (Lair:5)
  10 porcupines
  10 ice beasts
  3 sky beasts
  21 orc warriors
  3 phantoms
  8 ogres
  A wasp (D:8)
  2 necrophages
  28 wolves
  10 centaurs
  13 crocodiles
  5 big kobolds
  A wyvern zombie (D:9)
  A gnoll sergeant (D:5)
  16 giant frogs
  A wyvern skeleton (D:8)
  A scorpion (D:9)
  9 killer bees (D:9)
  6 howler monkeys
  3 vampire bats
  4 wights (D:7)
  3 crimson imps
  A wasp zombie (D:10)
  A quasit (D:7)
  A giant frog skeleton (D:4)
  3 hounds
  3 jellies
  18 orc priests
  3 hell rats (D:8)
  8 iguanas
  18 orc wizards
  5 worker ants
  A killer bee zombie (D:9)
  16 sheep
  A hound skeleton (D:6)
  5 gnolls (D:5)
  A howler monkey skeleton (D:8)
  12 adders
  58 river rats
  A shadow imp (D:7)
  2 oozes
  An adder skeleton (D:8)
  A worm (D:2)
  5 dart slugs
  4 giant geckos
  75 orcs
  2 ball pythons (Lair:5)
  4 giant cockroaches
  5 hobgoblins
  19 jackals
  7 quokkas
  12 bats
  9 giant newts
  9 goblins
  22 kobolds
  A quokka skeleton (D:7)
  8 rats
  A spectral orc (D:2)
669 creatures vanquished.

Vanquished Creatures (collateral kills)
  5 death yaks
  3 orc knights (Orc:2)
  A rime drake (Lair:5)
  A wyvern (Lair:5)
  5 basilisks (Lair:5)
  4 hippogriffs (Lair:5)
  A hell hound (Lair:5)
  3 orc warriors (Orc:2)
  6 orc priests (Orc:2)
  4 river rats (Lair:5)
  7 orcs (Orc:2)
40 creatures vanquished.

Vanquished Creatures (others)
  An adder (D:7)
  6 fungi
  A plant (Lair:5)
8 creatures vanquished.

Grand Total: 717 creatures vanquished

Notes
Turn   | Place    | Note
--------------------------------------------------------------
     0 | D:1      | Kloppie the Vine Stalker Berserker began the quest for the Orb.
     0 | D:1      | Reached XP level 1. HP: 11/11 MP: 2/2
   120 | D:1      | Reached XP level 2. HP: 9/16 MP: 1/3
   264 | D:1      | Reached skill level 3 in Maces & Flails
   524 | D:1      | Reached skill level 1 in Spellcasting
   650 | D:1      | Reached XP level 3. HP: 18/20 MP: 5/5
   936 | D:2      | Found a basalt altar of Yredelemnul.
  1150 | D:2      | Reached ** piety under Trog
  1312 | D:2      | Found an ancient bone altar of Kikubaaqudgha.
  1366 | D:2      | Reached XP level 4. HP: 24/24 MP: 5/7
  1846 | D:3      | Found a faded altar to an unknown god.
  2132 | D:4      | Noticed a centaur
  2138 | D:4      | Killed a centaur
  2138 | D:4      | Reached skill level 4 in Maces & Flails
  2138 | D:4      | Reached XP level 5. HP: 29/29 MP: 6/9
  2207 | D:4      | Gained mutation: You heal very quickly. [Vine Stalker growth]
  2207 | D:4      | Reached XP level 6. HP: 33/33 MP: 10/10
  2427 | D:4      | Reached skill level 5 in Maces & Flails
  2496 | D:4      | Found an iron altar of Okawaru.
  2616 | D:4      | Reached XP level 7. HP: 32/37 MP: 12/12
  2862 | D:5      | Entered Level 5 of the Dungeon
  2880 | D:5      | Found a bloodstained altar of Trog.
  3193 | D:5      | Found a stormy altar of Qazlal.
  3196 | D:5      | Noticed a fire elemental
  3196 | D:5      | Noticed a water elemental
  3196 | D:5      | Noticed an air elemental
  3236 | D:5      | Reached skill level 6 in Maces & Flails
  3267 | D:5      | Found an oddly glowing altar of Pakellas.
  3496 | D:5      | Found a glowing silver altar of Zin.
  3626 | D:5      | Reached skill level 5 in Fighting
  3626 | D:5      | Gained mutation: You have razor-sharp teeth. [Vine Stalker growth]
  3626 | D:5      | Reached XP level 8. HP: 43/43 MP: 15/15
  3705 | D:5      | Found a bloodstained altar of Trog.
  3859 | D:6      | Reached *** piety under Trog
  3917 | D:6      | Gained mutation: You are clumsy. (Dex -2) [mutagenic meat]
  3918 | D:6      | Lost mutation: You are clumsy. (Dex -2) [mutagenic meat]
  3919 | D:6      | Gained mutation: You are weak. (Str -2) [mutagenic meat]
  3920 | D:6      | Gained mutation: You tend to lose your temper in combat. [mutagenic meat]
  3921 | D:6      | Gained mutation: Your magical capacity is low (-10% MP). [mutagenic meat]
  3922 | D:6      | Gained mutation: You have a pair of small horns on your head. [mutagenic meat]
  3923 | D:6      | Lost mutation: You have a pair of small horns on your head. [potion of cure mutation]
  3923 | D:6      | Lost mutation: You are weak. (Str -2) [potion of cure mutation]
  3923 | D:6      | Lost mutation: You tend to lose your temper in combat. [potion of cure mutation]
  3923 | D:6      | Lost mutation: Your magical capacity is low (-10% MP). [potion of cure mutation]
  3959 | D:6      | Noticed Menkaure
  3968 | D:6      | Killed Menkaure
  4091 | D:6      | Found a deep blue altar of Sif Muna.
  4480 | D:6      | Reached skill level 7 in Maces & Flails
  4484 | D:6      | Found Igemut's General Store.
  4614 | D:6      | Found a snail-covered altar of Cheibriados.
  4741 | D:7      | Found a shattered altar of Ashenzari.
  4875 | D:7      | Found a staircase to the Ecumenical Temple.
  5079 | D:7      | Found a shadowy altar of Dithmenos.
  5085 | D:7      | Reached XP level 9. HP: 46/48 MP: 16/16
  5226 | D:7      | Reached skill level 8 in Maces & Flails
  5845 | D:8      | Reached skill level 9 in Maces & Flails
  5854 | D:8      | Found a deep blue altar of Sif Muna.
  5874 | D:8      | Reached **** piety under Trog
  5931 | D:8      | Reached XP level 10. HP: 47/53 MP: 17/17
  5979 | D:8      | Noticed a three-headed hydra
  5984 | D:8      | Killed a three-headed hydra
  5984 | D:8      | Reached skill level 5 in Armour
  6072 | D:8      | Reached skill level 10 in Maces & Flails
  6124 | D:8      | Found a staircase to the Lair.
  6194 | D:8      | Found a blossoming altar of Fedhas.
  6599 | Lair:1   | Entered Level 1 of the Lair of Beasts
  6646 | Lair:1   | Reached skill level 1 in Shields
  6857 | Lair:1   | Noticed a spiny frog
  6865 | Lair:1   | Killed a spiny frog
  7001 | Lair:1   | Reached XP level 11. HP: 47/60 MP: 12/18
  7015 | Lair:1   | Reached skill level 11 in Maces & Flails
  7544 | Lair:2   | Noticed tscho's ghost (journeyman MfTm)
  7585 | Lair:2   | Killed tscho's ghost
  7767 | Lair:2   | Noticed Urug
  7775 | Lair:2   | Killed Urug
  8291 | Lair:3   | Found a frozen archway.
  8312 | Lair:2   | Reached skill level 12 in Maces & Flails
  8363 | IceCv    | Entered an ice cave
  8376 | IceCv    | Reached skill level 5 in Shields
  8398 | IceCv    | Gained mutation: You regenerate. [Vine Stalker growth]
  8398 | IceCv    | Reached XP level 12. HP: 27/66 MP: 15/19
  9194 | IceCv    | Noticed a white draconian
  9223 | IceCv    | Killed a white draconian
  9223 | IceCv    | Reached skill level 13 in Maces & Flails
  9296 | IceCv    | Reached ***** piety under Trog
  9336 | IceCv    | Got a crude great mace
  9472 | Lair:3   | Identified the +10 great mace "Siesuzypi" {crush, *Noise rC+ rN+ Int+4} (You found it in an ice cave)
  9764 | Lair:3   | Reached skill level 10 in Fighting
  9766 | Lair:3   | Got a pair of faintly glowing gloves
  9779 | Lair:3   | Identified the +0 pair of gloves of Omed {+Inv} (You found it on level 3 of the Lair of Beasts)
 10198 | Lair:4   | Received a gift from Trog
 10302 | Lair:4   | Noticed a death yak
 10308 | Lair:4   | Noticed a death yak
 10309 | Lair:4   | Noticed a death yak
 10312 | Lair:4   | Noticed a death yak
 10312 | Lair:4   | Noticed a death yak
 10314 | Lair:4   | Noticed a death yak
 10325 | Lair:4   | Killed a death yak
 10329 | Lair:4   | Killed a death yak
 10329 | Lair:4   | Reached XP level 13. HP: 72/72 MP: 20/20
 10357 | Lair:4   | Reached skill level 14 in Maces & Flails
 10623 | Lair:4   | You fall through a shaft for 2 floors!
 10649 | Lair:6   | Received a gift from Trog
 10659 | Lair:6   | Found a staircase to the Slime Pits.
 10660 | Lair:6   | Found a viscous altar of Jiyva.
 10952 | Lair:4   | Reached skill level 1 in Evocations
 11085 | Lair:4   | Found a staircase to the Shoals.
 11400 | Lair:5   | Found a glowing silver altar of Zin.
 11695 | Lair:5   | Found a staircase to the Snake Pit.
 11991 | Lair:5   | Received a gift from Trog
 12123 | Lair:5   | Reached XP level 14. HP: 79/79 MP: 21/21
 12363 | Lair:5   | Reached skill level 5 in Evocations
 13052 | Lair:6   | Found a white marble altar of Elyvilon.
 13526 | Lair:7   | Reached ****** piety under Trog
 13946 | Lair:7   | Received a gift from Trog
 14399 | Lair:1   | Identified a scroll of acquirement
 14400 | Lair:1   | Got a transparent demon whip
 14401 | Lair:1   | Identified the +0 demon whip "Nugrol Bassi" {slash, Dex+4} (You acquired it on level 1 of the Lair of Beasts)
 15216 | D:10     | Entered Level 10 of the Dungeon
 15313 | D:10     | Found a staircase to the Orcish Mines.
 15607 | Orc:1    | Entered Level 1 of the Orcish Mines
 15640 | Orc:1    | Noticed Maurice
 15650 | Orc:1    | Noticed an orc warlord
 15650 | Orc:1    | Killed Maurice
 15662 | Orc:1    | Received a gift from Trog
 15671 | Orc:1    | Killed an orc warlord
 15696 | Orc:1    | Got a bone mace {god gift}
 15697 | Orc:1    | Identified the +7 mace "Quijon" {speed, Fragile +Blink rElec rC+++} (Trog gifted it to you on level 1 of the Orcish Mines)
 16212 | Orc:2    | Entered Level 2 of the Orcish Mines
 16508 | Orc:2    | Received a gift from Trog
 16558 | Orc:2    | HP: 3/81 [orc knight/long sword (9)]
 16558 | Orc:2    | Killed from afar by an orc high priest

Skill      XL: |  1  2  3  4  5  6  7  8  9 10 11 12 13 14 |
---------------+-------------------------------------------+-----
Maces & Flails | 3 4 5 6 7 9 10 12 13 14 | 14.0
Fighting       | 3 4 5 6 8 9 10 11 12 | 12.5
Spellcasting   | 1 2 3 4 |  4.1
Armour         | 3 4 5 6 8 9 |  9.9
Shields        | 2 5 |  5.5
Evocations     | 4 7 |  7.5
Dodging        | |  1.5

Action                   |  1- 3 |  4- 6 |  7- 9 | 10-12 | 13-15 || total
-------------------------+-------+-------+-------+-------+-------++-------
Melee: Mace              |   106 |   138 |    11 |       |   261 ||   516
       Bite              |    23 |    27 |   123 |   377 |   523 ||  1073
       Flail             |       |       |   350 |   862 |   823 ||  2035
       Demon whip        |       |       |       |       |   185 ||   185
Invok: Berserk           |     3 |     5 |     4 |     9 |     7 ||    28
       Trog's Hand       |       |       |       |     4 |     4 ||     8
       Brothers in Arms  |       |       |       |       |     6 ||     6
  Use: Scroll            |       |     4 |    10 |     7 |     8 ||    29
       Potion            |       |       |     1 |     2 |     1 ||     4
 Stab: Invisible         |       |       |       |     6 |       ||     6
  Eat: Chunk             |     2 |     7 |    17 |    14 |    26 ||    66
       Meat ration       |     1 |       |       |       |       ||     1
       Bread ration      |       |       |     1 |     2 |     1 ||     4
       Beef jerky        |       |       |       |     1 |       ||     1
Armor: Animal skin       |    23 |       |       |       |       ||    23
       Ring mail         |     2 |    42 |   105 |   219 |       ||   368
       Chain mail        |       |       |       |    45 |   399 ||   444
       Plate armour      |       |       |       |       |    82 ||    82
Dodge: Dodged            |    56 |   191 |   328 |   663 |   712 ||  1950
Block: Buckler           |       |       |       |   196 |   310 ||   506
